 Dungeon Crawl Stone Soup version 0.25.0-10-g039870ee82 (webtiles) character file.

Game seed: 14899548760314401055

255 fritzmikael the Magician (level 5, 0/39 HPs)
             Began as a Mummy Fire Elementalist on June 22, 2020.
             Slain by a sky beast (6 damage)
             ... on level 5 of the Dungeon on June 23, 2020.
             The game lasted 00:14:04 (3468 turns).

fritzmikael the Magician (Mummy Fire Elementalist)  Turns: 3468, Time: 00:14:05

Health: 0/39       AC:  6    Str: 11    XL:     5   Next: 91%
Magic:  4/11       EV: 12    Int: 16    God:
Gold:   158        SH:  0    Dex: 12    Spells: 11/12 levels left

rFire    x . .     SeeInvis .   f - +0 hunting sling
rCold    + . .     Gourm    .   (no shield)
rNeg     + + +     Faith    .   a - +0 robe
rPois    ∞         Spirit   .   (no helmet)
rElec    .         Reflect  .   o - +0 cloak {rCorr}
rCorr    +         Harm     .   (no gloves)
MR       .....                  n - +2 pair of boots
Stlth    ++........             (no amulet)
HPRegen  0.13/turn              (no ring)
MPRegen  0.12/turn              (no ring)

@: no status effects
A: no food or potions, fire vulnerability, cold resistance 1, negative energy
resistance 3, torment resistance, unbreathing
a: no special abilities


You were on level 5 of the Dungeon.
You were not hungry.

You visited 1 branch of the dungeon, and saw 4 of its levels.

You collected 158 gold pieces.

Inventory:

Hand Weapons
 f - a +0 hunting sling (weapon)
 k - a +0 vorpal quarterstaff
Missiles
 g - 49 stones (quivered)
Armour
 a - a +0 robe (worn)
 b - a scarf of invisibility
 n - a +2 pair of boots (worn)
 o - a +0 cloak of preservation (worn)
Jewellery
 d - an uncursed ring of poison resistance
Scrolls
 c - 4 scrolls of remove curse
 h - a scroll of magic mapping
 i - 3 scrolls of identify
 j - a scroll of fear {unknown}
 l - 2 scrolls of amnesia {unknown}
 m - a scroll of enchant armour {unknown}


   Skills:
 + Level 2.5 Fighting
 - Level 1.8 Dodging
 - Level 1.5 Stealth
 + Level 4.3 Spellcasting
 + Level 2.2 Conjurations
 + Level 3.5 Fire Magic


You had 11 spell levels left.
You knew the following spells:

 Your Spells              Type           Power        Failure   Level  Hunger
a - Foxfire               Conj/Fire      ##..         4%          1    N/A

Your spell library contained the following spells:

 Spells                   Type           Power        Failure   Level  Hunger
 Conjure Flame            Conj/Fire      ##......     16%         3    N/A
 Inner Flame              Hex/Fire       #.......     24%         3    N/A
 Sticky Flame             Conj/Fire      ##......     45%         4    N/A
 Fireball                 Conj/Fire      ##........   80%         5    N/A

Dungeon Overview and Level Annotations

Branches:
Dungeon (3/15)

Altars:
Fedhas
Sif Muna


Innate Abilities, Weirdness & Mutations

You do not eat or drink.
Your flesh is vulnerable to fire.
You are immune to poison.
Your flesh is cold resistant. (rC+)
You are immune to negative energy. (rN+++)
You are immune to unholy pain and torment.
You can survive without breathing.


Message History

You conjure some foxfire!
Something hits you but does no damage.
Your foxfire dissipates!
The foxfire hits something.
A sky beast appears from thin air!
Reactivating autopickup.
The sky beast closely misses you.
Unknown command.
Casting: Foxfire (safe; 4% risk of failure)
Confirm with . or Enter, or press ? or * to list all spells.
You conjure some foxfire!
The sky beast hits you. The sky beast shocks you.
* * * LOW HITPOINT WARNING * * *
Unknown command.
Casting: Foxfire (safe; 4% risk of failure)
Confirm with . or Enter, or press ? or * to list all spells.
Nothing appears to happen.
The foxfire hits the sky beast but does no damage.
The sky beast is moderately wounded.
The sky beast hits you.
* * * LOW HITPOINT WARNING * * *
The sky beast shocks you.
You die...

*** *,*************
*,,,,,,,,,,,,,*
*,***********,*
########,*,,,,,,****,*
#.oooY@#,*,,,,,,,,,,,*
#######'####.#,****,,,*******
****#........#
#.#,*,,,,,,,,,,,,,
,,,,+........#
#.#,*,**,#######**
,***#.....).)#
#.#,*,*<,.......,, ,*
#........#*###*****##.##..#**
,*
#^......)#*≈≈≈≈≈≈≈≈#v..#.?#,,
,*
##########*≈≈≈,,≈≈≈#v..#..#,*
,* *≈≈**,*≈≈#.S.#..#,,


You could see a sky beast, an orc wizard (fast) and 2 orcs.

Vanquished Creatures
  Crazy Yiuf (D:2)
  4 orc wizards
  Robin (D:3)
  2 adders (D:2)
  4 dart slugs
  5 leopard geckos
  4 orcs
  A ball python (D:2)
  A giant cockroach (D:3)
  11 goblins
  14 hobgoblins
  8 kobolds
  2 quokkas
  11 bats
  3 frilled lizards (D:1)
  8 rats
  2 fungi (D:2)
82 creatures vanquished.

Vanquished Creatures (collateral kills)
  A rat (D:2)
1 creature vanquished.

Vanquished Creatures (others)
  264 foxfires
264 creatures vanquished.

Grand Total: 347 creatures vanquished

Notes
Turn   | Place    | Note
-------+----------+-------------------------------------------
     0 | D:1      | fritzmikael the Mummy Fire Elementalist began the quest for
                  | the Orb.
     0 | D:1      | Reached XP level 1. HP: 13/13 MP: 4/4
   169 | D:1      | Reached XP level 2. HP: 19/19 MP: 2/5
   374 | D:1      | Reached skill level 3 in Spellcasting
   377 | D:1      | Reached skill level 1 in Conjurations
   571 | D:1      | Reached XP level 3. HP: 25/25 MP: 0/7
   922 | D:1      | Reached skill level 1 in Fighting
  1354 | D:1      | Reached XP level 4. HP: 22/32 MP: 3/9
  2102 | D:2      | Reached XP level 5. HP: 38/38 MP: 6/10
  2468 | D:2      | Found a runed translucent door.
  2469 | D:2      | Noticed Crazy Yiuf
  2487 | D:2      | Killed Crazy Yiuf
  2487 | D:2      | Reached skill level 4 in Spellcasting
  2690 | D:3      | Noticed Robin
  2696 | D:3      | Killed Robin
  2795 | D:3      | Found a blossoming altar of Fedhas.
  2886 | D:3      | Found a shimmering blue altar of Sif Muna.
  3409 | D:3      | You fall into a shaft and drop 2 floors!
  3409 | D:5      | Entered Level 5 of the Dungeon
  3409 | D:5      | Noticed an ogre
  3445 | D:5      | Noticed a sky beast
  3468 | D:5      | Slain by a sky beast

Illustrated notes

Levels and vault maps discovered:
D:1:      heliophobic_arrival_glass_houses, layout_rooms
D:2:      layout_basic, first_ration, uniq_crazy_yiuf_cottage
D:3:      layout_loops_cross, fedhas_altar_1, led_sif_book, uniq_robin
D:5:      layout_basic, lightli_temple_of_fire, kennysheep_generic_room_4,
          uniq_pikel, uniq_grinder

Skill      XL: |  1  2  3  4  5 |
---------------+----------------+-----
Spellcasting   | 3 4 |  4.3
Conjurations   | 1 2 |  2.2
Fighting       | 1 2 |  2.5
Fire Magic     | 3 |  3.5
Dodging        | |  1.8
Stealth        | |  1.5

Action                   |  1- 3 |  4- 6 || total
-------------------------+-------+-------++-------
Melee: Unarmed           |     1 |       ||     1
       Quarterstaff      |       |    22 ||    22
 Fire: Hunting sling     |    17 |    33 ||    50
 Cast: Foxfire           |    68 |    97 ||   165
  Use: Scroll            |       |     4 ||     4
Armor: Robe              |    13 |    11 ||    24
Dodge: Dodged            |    38 |    25 ||    63
